 Dungeon Crawl Stone Soup version 0.29.0-4-gdea44cf6ec (webtiles) character file.

Game seed: 636462403957778017

5227 qw the Cleaver (level 10, -3/64 HPs)
             Began as a Gargoyle Berserker on Sept 6, 2022.
             Was an Elder of Trog.
             Slain by a large abomination (20 damage)
             ... on level 9 of the Dungeon.
             The game lasted 00:03:34 (10757 turns).

qw the Cleaver (Gargoyle Berserker)                Turns: 10757, Time: 00:03:34

Health: -3/64      AC: 27    Str: 28    XL:     10   Next: 61%
Magic:  10/10      EV:  7    Int:  9    God:    Trog [****..]
Gold:   461        SH: 10    Dex: 15    Spells: 9/9 levels left

rFire   . . .      SeeInvis .   Y - +3 war axe (freeze)
rCold   . . .      Faith    .   s - +0 kite shield
rNeg    + . .      Spirit   .   g - +0 plate armour
rPois   inf        Reflect  .   c - +1 helmet "Rageacuu" {Str+4}
rElec   +          Harm     .   k - +1 cloak
rCorr   .          Rampage  .   (no gloves)
Will    ++...                   h - +1 pair of boots
Stlth   ..........              a - amulet of the acrobat
HPRegen 1.20/turn               j - +6 ring of dexterity
MPRegen 0.12/turn               (no ring)

@: about to teleport, strong-willed, regenerating
A: sickness immunity, AC +7, negative energy resistance 1, electricity
resistance, torment resistance 1, petrification resistance
a: Renounce Religion, Berserk, Trog's Hand, Brothers in Arms


You were on level 9 of the Dungeon.
You worshipped Trog.
Trog was greatly pleased with you.
You visited 1 branch of the dungeon, and saw 9 of its levels.

You collected 461 gold pieces.


Innate Abilities, Weirdness & Mutations

You are immune to sickness and miasma.
Your stone body is resilient. (AC +7)
You are immune to poison.
You resist negative energy. (rN+)
You are resistant to electric shocks. (rElec)
You are resistant to unholy torment.
You are immune to petrification.


   Skills:
 - Level 7.6 Fighting
 - Level 10.0 Axes
 - Level 1.0 Throwing
 - Level 7.0 Armour
 - Level 2.0 Dodging
 + Level 7.6 Shields


You had 9 spell levels left.
You didn't know any spells.
Your spell library was empty.

Inventory:

Hand Weapons
 q - a +1 vampiric whip
 Y - a +3 war axe of freezing (weapon)
Missiles
 p - 7 boomerangs (quivered)
Armour
 c - the +1 helmet "Rageacuu" (worn) {Str+4}
   (You acquired it on level 2 of the Dungeon)

   Str:       It affects your strength (+4).
 g - a +0 plate armour (worn)
 h - a +1 pair of boots (worn)
 k - a +1 cloak (worn)
 s - a +0 kite shield (worn)
Jewellery
 a - an amulet of the acrobat (around neck)
 f - the amulet of Suspicion {Spirit Int+3}
   (You acquired it on level 2 of the Dungeon)

   [amulet of guardian spirit]

   It causes incoming damage to be divided between your reserves of health and
   magic.
   Int:       It affects your intelligence (+3).
 j - a +6 ring of dexterity (left hand)
Scrolls
 b - 5 scrolls of teleportation
 d - a scroll of blinking {unknown}
 m - a scroll of identify
Potions
 e - 4 potions of curing
 i - a potion of might
 l - 2 potions of haste
 n - a potion of cancellation
 o - a potion of mutation
 r - a potion of berserk rage {unknown}

Dungeon Overview and Level Annotations

Branches:
Dungeon (9/15)             Temple (0/1) D:7
   Lair: D:8-11         Orc: D:9-12

Altars:
Cheibriados
Dithmenos
Hepliaklqana
Makhleb
Qazlal
Sif Muna
Wu Jian
Yredelemnul
The Shining One

Shops:
D:1 :

Annotations:
D:6 1 runed translucent door, qw's ghost, novice MiFi


Message History

You feel a bit more experienced.
You feel the effects of Trog's Hand fading.
You slice the wizard!! You freeze the wizard!
The wizard is severely wounded.
The wizard's eyes start to glow.
The wizard gestures wildly while chanting.
The wizard blinks!
You start resting.
A wizard is nearby!
An orc comes into view.
It is wielding a +1 flail of protection.
A large abomination comes into view.
You miss the wizard.
The wizard is severely wounded.
Your skin stops crawling.
You feel less strong-willed.
The wizard gestures wildly while chanting.
The wizard blinks!
10747 ||| FLEEEEING.
10748 ||| FLEEEEING.
10749 ||| FLEEEEING.
You hit the orc but do no damage. You block the orc's attack.
10752 ||| INVOKING Trog's Hand.
Your skin crawls.
You feel strong-willed. You block the orc's attack.
You slice the orc!! You freeze the orc.
You kill the orc!
Trog accepts your kill.
You barely miss the large abomination. The large abomination hits you!
You block the large abomination's attack.
You hit the large abomination but do no damage.
The large abomination hits you!
You slash the large abomination! You freeze the large abomination.
The large abomination is lightly damaged.
The large abomination hits you!!
10757 ||| READING 6 scrolls of teleportation.
As you read the scroll of teleportation, it crumbles to dust.
You feel strangely unstable. The large abomination hits you!!
You die...

#.##.#.##.#
#.###.###.#
#### #.#
### #.##
#... #.#
#... #...
####.# ###.
#... #....#
## ...
##.### #
#)#######.#
#..pX@....#
###########


You could see a large abomination and a wizard.

Vanquished Creatures
  Joseph (D:7)
  Prince Ribbit (D:9)
  A vampire (D:9)
  Sigmund (D:5)
  2 wyverns
  4 yaks (D:9)
  A steam dragon (D:6)
  A water moccasin (D:8)
  Edmund (D:6)
  2 sky beasts
  An ice beast (D:5)
  A black bear (D:7)
  A wolf (D:8)
  A centaur (D:9)
  A phantom (D:6)
  6 gnoll sergeants (D:8)
  2 necrophages
  3 bullfrogs
  2 scorpions (D:5)
  3 wights (D:7)
  6 killer bees
  3 howler monkeys (D:6)
  10 hounds
  4 gnoll boudas
  3 orc priests
  2 jellies (D:7)
  2 iguanas
  Jessica (D:3)
  2 orc wizards
  A hound skeleton (D:6)
  30 gnolls
  10 adders
  A shadow imp (D:7)
  3 worms
  4 dart slugs
  22 orcs
  5 endoplasms
  4 giant cockroaches
  7 goblins
  7 hobgoblins
  12 jackals
  5 kobolds
  9 quokkas
  A ball python (D:2)
  8 bats
  6 frilled lizards
  5 rats
209 creatures vanquished.

Notes
Turn   | Place    | Note
-------+----------+-------------------------------------------
     0 | D:1      | qw the Gargoyle Berserker began the quest for the Orb.
     0 | D:1      | Reached XP level 1. HP: 14/14 MP: 1/1
     0 | D:1      | 0 ||| qw: Version: 0.1-a-108-g9e35731
     0 | D:1      | 0 ||| qw: Game counter: 6289
     0 | D:1      | 0 ||| qw: Always use a shield: true
     0 | D:1      | 0 ||| qw: Do Orc after D:15 true
     0 | D:1      | 0 ||| qw: Do second Lair branch before Depths: true
     0 | D:1      | 0 ||| qw: Lair rune preference: random
     0 | D:1      | 0 ||| qw: Plans: Normal
     0 | D:1      | 0 ||| PLANNING D:1-11
    50 | D:1      | Found a faded altar of an unknown god.
   211 | D:1      | Reached skill level 3 in Axes
   315 | D:1      | Reached XP level 2. HP: 19/19 MP: 2/2
   330 | D:1      | 330 ||| INVOKING Berserk.
   579 | D:1      | 579 ||| Stepping ~*~*~tactically~*~*~ (hiding).
   758 | D:1      | 758 ||| INVOKING Berserk.
   760 | D:1      | Reached XP level 3. HP: 23/23 MP: 3/3
  1234 | D:1      | Found Zoriozir's Book Shop.
  1268 | D:1      | Reached skill level 4 in Axes
  1442 | D:1      | 1442 ||| UPGRADING to +0 scale mail.
  1452 | D:1      | 1452 ||| DROPPING +0 animal skin.
  1453 | D:1      | 1453 ||| UPGRADING to +2 helmet.
  1458 | D:1      | 1458 ||| READING scroll labelled VUGAIS OJOELU.
  1459 | D:1      | 1459 ||| READING scroll labelled JUKIR EKHLAJA.
  1460 | D:1      | 1460 ||| READING scroll labelled ORPHILI DYOG.
  1490 | D:2      | 1490 ||| INVOKING Berserk.
  1513 | D:2      | 1513 ||| STAIRDANCE
  1686 | D:2      | 1686 ||| INVOKING Berserk.
  1824 | D:2      | Reached XP level 4. HP: 28/28 MP: 4/4
  1925 | D:2      | 1925 ||| Stepping ~*~*~tactically~*~*~ (stealth).
  2095 | D:2      | Reached ** piety under Trog
  2240 | D:2      | 2240 ||| Stepping ~*~*~tactically~*~*~ (stealth).
  2243 | D:2      | 2243 ||| Stepping ~*~*~tactically~*~*~ (stealth).
  2246 | D:2      | 2246 ||| Stepping ~*~*~tactically~*~*~ (stealth).
  2247 | D:2      | 2247 ||| INVOKING Berserk.
  2266 | D:2      | 2266 ||| Stepping ~*~*~tactically~*~*~ (stealth).
  2268 | D:2      | 2268 ||| Stepping ~*~*~tactically~*~*~ (stealth).
  2273 | D:2      | Reached skill level 5 in Axes
  2430 | D:2      | 2430 ||| FLEEEEING.
  2431 | D:2      | 2431 ||| FLEEEEING.
  2432 | D:2      | 2432 ||| FLEEEEING.
  2433 | D:2      | 2433 ||| FLEEEEING.
  2434 | D:2      | 2434 ||| FLEEEEING.
  2435 | D:2      | 2435 ||| FLEEEEING.
  2436 | D:2      | 2436 ||| FLEEEEING.
  2530 | D:2      | 2530 ||| Stepping ~*~*~tactically~*~*~ (stealth).
  2540 | D:2      | Reached XP level 5. HP: 32/32 MP: 5/5
  2574 | D:2      | 2574 ||| READING scroll labelled TUSAFI GARUJO.
  2575 | D:2      | 2575 ||| READING scroll labelled YMAIDO VEAPINN.
  2626 | D:2      | 2626 ||| READING scroll labelled SUPSAEQ HOBYGE.
  2627 | D:2      | 2627 ||| READING 3 scrolls labelled GYTOMM PUCUOTU.
  2627 | D:2      | Identified 3 scrolls of acquirement
  2627 | D:2      | 2627 ||| ACQUIRING amulet of the acrobat
  2627 | D:2      | Acquired an amulet of the acrobat
  2629 | D:2      | 2629 ||| UPGRADING to amulet of the acrobat.
  2634 | D:2      | 2634 ||| READING 2 scrolls of acquirement.
  2634 | D:2      | 2634 ||| ACQUIRING +1 helmet "Rageacuu" {Str+4}
  2634 | D:2      | Acquired the +1 helmet "Rageacuu" {Str+4}
  2636 | D:2      | 2636 ||| UPGRADING to +1 helmet "Rageacuu" {Str+4}.
  2646 | D:2      | 2646 ||| DROPPING +2 helmet.
  2647 | D:2      | 2647 ||| READING scroll of acquirement.
  2647 | D:2      | 2647 ||| ACQUIRING amulet of Suspicion {Spirit Int+3}
  2647 | D:2      | Acquired the amulet of Suspicion {Spirit Int+3}
  2649 | D:2      | 2649 ||| DRINKING 2 golden potions.
  2802 | D:3      | 2802 ||| Stepping ~*~*~tactically~*~*~ (hiding).
  2806 | D:3      | 2806 ||| INVOKING Berserk.
  2933 | D:3      | Noticed Jessica
  2950 | D:3      | Killed Jessica
  2951 | D:3      | Reached XP level 6. HP: 33/38 MP: 6/6
  3026 | D:3      | 3026 ||| Stepping ~*~*~tactically~*~*~ (stealth).
  3027 | D:3      | 3027 ||| Stepping ~*~*~tactically~*~*~ (stealth).
  3185 | D:3      | Found a stormy altar of Qazlal.
  3233 | D:3      | 3233 ||| INVOKING Berserk.
  3259 | D:3      | HP: 9/38 [gnoll/+0 vorpal halberd (1)]
  3592 | D:3      | 3592 ||| Stepping ~*~*~tactically~*~*~ (hiding).
  3654 | D:3      | Identified the +7 spear "Esenoav" {venom, rF+ MP+9}
  3790 | D:3      | 3790 ||| UPGRADING to +0 cloak.
  3795 | D:3      | 3795 ||| UPGRADING to +6 ring of dexterity.
  3796 | D:3      | 3796 ||| READING scroll labelled QUWETEROOMM.
  3897 | D:3      | 3897 ||| DRINKING 2 lumpy puce potions.
  3898 | D:3      | 3898 ||| DRINKING 2 bubbling yellow potions.
  3934 | D:3      | 3934 ||| DROPPING potion of brilliance.
  3935 | D:3      | 3935 ||| DROPPING potion of lignification.
  4159 | D:4      | Reached skill level 6 in Axes
  4223 | D:4      | Found a shimmering blue altar of Sif Muna.
  4225 | D:4      | Found a glowing golden altar of the Shining One.
  4534 | D:4      | Reached *** piety under Trog
  4661 | D:4      | 4661 ||| INVOKING Berserk.
  4792 | D:4      | 4792 ||| UPGRADING to +0 buckler.
  4797 | D:4      | 4797 ||| READING scroll labelled VETTOMP MOPIU.
  4798 | D:4      | 4798 ||| READING scroll labelled PUZXOB ZUWUAM.
  4828 | D:5      | Entered Level 5 of the Dungeon
  4828 | D:5      | Noticed an ice beast
  4832 | D:5      | 4832 ||| INVOKING Berserk.
  4836 | D:5      | Killed an ice beast
  4837 | D:5      | Reached XP level 7. HP: 43/43 MP: 7/7
  4841 | D:5      | 4841 ||| STAIRDANCE
  4992 | D:5      | Noticed Sigmund
  4997 | D:5      | 4997 ||| INVOKING Berserk.
  5005 | D:5      | Killed Sigmund
  5225 | D:5      | 5225 ||| Stepping ~*~*~tactically~*~*~ (stealth).
  5230 | D:5      | Reached skill level 7 in Axes
  5242 | D:5      | Reached XP level 8. HP: 39/48 MP: 8/8
  5244 | D:5      | 5244 ||| Stepping ~*~*~tactically~*~*~ (stealth).
  5254 | D:5      | 5254 ||| Stepping ~*~*~tactically~*~*~ (stealth).
  5633 | D:5      | Found a shadowy altar of Dithmenos.
  5687 | D:5      | 5687 ||| FLEEEEING.
  5690 | D:5      | 5690 ||| FLEEEEING.
  5691 | D:5      | 5691 ||| FLEEEEING.
  5694 | D:5      | 5694 ||| INVOKING Berserk.
  5860 | D:5      | 5860 ||| READING scroll labelled YNGEXT YDWI.
  5861 | D:5      | 5861 ||| DRINKING 2 bubbling amethyst potions.
  5879 | D:6      | 5879 ||| Stepping ~*~*~tactically~*~*~ (stealth).
  6009 | D:6      | 6009 ||| Stepping ~*~*~tactically~*~*~ (stealth).
  6048 | D:6      | Noticed Edmund
  6051 | D:6      | 6051 ||| INVOKING Berserk.
  6058 | D:6      | Killed Edmund
  6165 | D:6      | 6165 ||| DROPPING +0 flail.
  6182 | D:6      | 6182 ||| Stepping ~*~*~tactically~*~*~ (hiding).
  6199 | D:6      | 6199 ||| Stepping ~*~*~tactically~*~*~ (hiding).
  6520 | D:6      | Reached skill level 8 in Axes
  6541 | D:6      | 6541 ||| Stepping ~*~*~tactically~*~*~ (stealth).
  6549 | D:6      | 6549 ||| INVOKING Berserk.
  6767 | D:6      | Found a runed translucent door.
  6767 | D:6      | Noticed qw's ghost (novice MiFi)
  6911 | D:6      | Found a burning altar of Makhleb.
  6928 | D:6      | Reached skill level 6 in Fighting
  7146 | D:6      | 7146 ||| UPGRADING to +0 plate armour.
  7156 | D:6      | 7156 ||| DROPPING +0 scale mail.
  7157 | D:6      | 7157 ||| DROPPING scarf of invisibility.
  7158 | D:6      | 7158 ||| READING scroll labelled LUYSHR ZUSA.
  7159 | D:6      | 7159 ||| READING 3 scrolls of identify.
  7159 | D:6      | 7159 ||| IDENTIFYING fizzy clear potion
  7160 | D:6      | 7160 ||| READING 2 scrolls of identify.
  7160 | D:6      | 7160 ||| IDENTIFYING glowing sapphire potion
  7161 | D:6      | 7161 ||| DROPPING potion of flight.
  7209 | D:7      | 7209 ||| STAIRDANCE
  7221 | D:6      | Reached XP level 9. HP: 28/55 MP: 9/9
  7222 | D:6      | 7222 ||| INVOKING Berserk.
  7378 | D:7      | 7378 ||| STAIRDANCE
  7537 | D:7      | 7537 ||| Stepping ~*~*~tactically~*~*~ (stealth).
  7546 | D:7      | 7546 ||| INVOKING Berserk.
  7905 | D:7      | 7905 ||| SWAPPING to +3 war axe of freezing.
  7906 | D:7      | 7906 ||| DROPPING +1 hand axe.
  8004 | D:7      | Reached skill level 9 in Axes
  8018 | D:7      | 8018 ||| READING scroll of enchant armour.
  8018 | D:7      | 8018 ||| ENCHANTING +0 cloak.
  8046 | D:7      | Noticed Joseph
  8047 | D:7      | 8047 ||| Stepping ~*~*~tactically~*~*~ (hiding).
  8059 | D:7      | Killed Joseph
  8060 | D:7      | Reached skill level 6 in Armour
  8155 | D:7      | 8155 ||| INVOKING Berserk.
  8272 | D:7      | Found a hazy altar of Hepliaklqana.
  8309 | D:7      | 8309 ||| INVOKING Berserk.
  8464 | D:7      | Found a staircase to the Ecumenical Temple.
  8770 | D:7      | 8770 ||| UPGRADING to +0 pair of boots.
  8775 | D:7      | 8775 ||| READING 2 scrolls labelled HOZEEP PICHACK.
  8776 | D:7      | 8776 ||| READING 3 scrolls of identify.
  8776 | D:7      | 8776 ||| IDENTIFYING orange potion
  8777 | D:7      | 8777 ||| READING 2 scrolls of identify.
  8777 | D:7      | 8777 ||| IDENTIFYING sedimented orange potion
  8778 | D:7      | 8778 ||| DROPPING scroll of amnesia.
  8779 | D:7      | 8779 ||| DROPPING potion of magic.
  8780 | D:7      | 8780 ||| DROPPING potion of attraction.
  8849 | D:8      | Found a basalt altar of Yredelemnul.
  9023 | D:8      | 9023 ||| Stepping ~*~*~tactically~*~*~ (stealth).
  9030 | D:8      | 9030 ||| Stepping ~*~*~tactically~*~*~ (stealth).
  9047 | D:8      | 9047 ||| DROPPING +2 vorpal flail.
  9105 | D:8      | Reached **** piety under Trog
  9123 | D:8      | Found an ornate altar of the Wu Jian Council.
  9150 | D:8      | 9150 ||| INVOKING Berserk.
  9153 | D:8      | Reached skill level 1 in Throwing
  9281 | D:8      | 9281 ||| Stepping ~*~*~tactically~*~*~ (hiding).
  9283 | D:8      | 9283 ||| Stepping ~*~*~tactically~*~*~ (hiding).
  9284 | D:8      | 9284 ||| Stepping ~*~*~tactically~*~*~ (hiding).
  9292 | D:8      | 9292 ||| Stepping ~*~*~tactically~*~*~ (stealth).
  9294 | D:8      | 9294 ||| Stepping ~*~*~tactically~*~*~ (stealth).
  9343 | D:8      | 9343 ||| INVOKING Berserk.
  9355 | D:8      | Reached XP level 10. HP: 63/63 MP: 10/10
  9605 | D:8      | 9605 ||| Stepping ~*~*~tactically~*~*~ (stealth).
  9606 | D:8      | 9606 ||| Stepping ~*~*~tactically~*~*~ (stealth).
  9622 | D:8      | 9622 ||| Stepping ~*~*~tactically~*~*~ (hiding).
  9623 | D:8      | 9623 ||| Stepping ~*~*~tactically~*~*~ (hiding).
  9628 | D:8      | Reached skill level 10 in Axes
  9652 | D:8      | 9652 ||| Stepping ~*~*~tactically~*~*~ (stealth).
  9676 | D:8      | 9676 ||| Stepping ~*~*~tactically~*~*~ (hiding).
  9680 | D:8      | 9680 ||| INVOKING Berserk.
  9718 | D:8      | 9718 ||| FLEEEEING.
  9719 | D:8      | 9719 ||| FLEEEEING.
  9720 | D:8      | 9720 ||| FLEEEEING.
  9723 | D:8      | 9723 ||| READING scroll of enchant armour.
  9723 | D:8      | 9723 ||| ENCHANTING +0 pair of boots.
  9724 | D:8      | 9724 ||| Stepping ~*~*~tactically~*~*~ (hiding).
  9725 | D:8      | 9725 ||| Stepping ~*~*~tactically~*~*~ (hiding).
  9959 | D:8      | 9959 ||| UPGRADING to +0 kite shield.
  9969 | D:8      | 9969 ||| DROPPING +0 buckler.
  9970 | D:8      | 9970 ||| DROPPING +6 ring of intelligence.
  9971 | D:8      | 9971 ||| READING 3 scrolls of identify.
  9971 | D:8      | 9971 ||| IDENTIFYING amethyst potion
  9972 | D:8      | 9972 ||| READING 2 scrolls of identify.
  9972 | D:8      | 9972 ||| IDENTIFYING brown potion
 10212 | D:9      | 10212 ||| Stepping ~*~*~tactically~*~*~ (stealth).
 10215 | D:9      | Reached skill level 6 in Shields
 10321 | D:9      | Noticed Prince Ribbit
 10332 | D:9      | Killed Prince Ribbit
 10568 | D:9      | Found a snail-covered altar of Cheibriados.
 10734 | D:9      | Noticed a wizard
 10735 | D:9      | 10735 ||| INVOKING Trog's Hand.
 10737 | D:9      | 10737 ||| Stepping ~*~*~tactically~*~*~ (stealth).
 10745 | D:9      | Noticed a large abomination
 10747 | D:9      | 10747 ||| FLEEEEING.
 10748 | D:9      | 10748 ||| FLEEEEING.
 10749 | D:9      | 10749 ||| FLEEEEING.
 10752 | D:9      | 10752 ||| INVOKING Trog's Hand.
 10756 | D:9      | HP: 16/64 [large abomination (26)]
 10757 | D:9      | 10757 ||| READING 6 scrolls of teleportation.
 10757 | D:9      | Slain by a large abomination

Levels and vault maps discovered:
D:1:      minmay_arrival_shoal_huts, layout_loops_corners, serial_shops,
          nicolae_square_shop, shapermc_ecumenical_altar_flowoftime,
          solitary_fountain
D:2:      layout_loops_ring, minmay_tromino_i4
D:3:      layout_loops_cross, mainiacjoe_overflow_six_doors_small,
          minmay_misc_feat_ornament, serial_park_tiny_pond, uniq_jessica
D:4:      layout_basic, jmf_multi_god_temple
D:5:      layout_cave_pools, marbit_many_paths, minmay_misc_feat_cross,
          minivault_23, grunt_decor_cap, amethyst_killhole, uniq_sigmund
D:6:      layout_loops_corners, makhleb_blood_cavern_becter,
          ebering_ghost_inner_flame, minmay_misc_feat_pillars, uniq_edmund
D:7:      layout_basic, nzn_hepliaklqana_mist_gate, lemuel_temple_firewalk_b,
          uniq_joseph
D:8:      layout_cave_pools, nicolae_overflow_hidden_temple,
          mainiacjoe_overflow_cross_hatched, serial_gnoll_camp,
          gnoll_camp_mini_hut, gnoll_camp_huts_basic, gnoll_camp_mini_hut,
          gnoll_camp_medium_01, gnoll_camp_mini_house, gnoll_camp_mini_hut
D:9:      layout_loops_ring, kennysheep_little_box, laboratory,
          uniq_prince_ribbit1

Skill      XL: |  1  2  3  4  5  6  7  8  9 10 |
---------------+-------------------------------+-----
Axes           | 3 4 5 6 7 8 9 10 | 10.0
Fighting       | 4 6 7 |  7.6
Shields        | 2 4 7 |  7.6
Dodging        | 2 |  2.0
Armour         | 4 6 7 |  7.0
Throwing       | 1 |  1.0

Action                   |  1- 3 |  4- 6 |  7- 9 | 10-12 || total
-------------------------+-------+-------+-------+-------++-------
Melee: Hand axe          |    88 |   221 |   220 |       ||   529
       Punch             |     2 |     2 |       |       ||     4
       War axe           |       |       |    62 |   127 ||   189
Throw: Boomerang         |       |       |     7 |    21 ||    28
Invok: Berserk           |     4 |     5 |    10 |     1 ||    20
       Trog's Hand       |       |       |       |     2 ||     2
  Use: Scroll            |     3 |     9 |     8 |     4 ||    24
       Potion            |       |     3 |     1 |       ||     4
Armor: Animal skin       |    16 |       |       |       ||    16
       Scale mail        |     9 |    88 |    57 |       ||   154
       Plate armour      |       |       |    77 |    82 ||   159
Dodge: Dodged            |    52 |   132 |   107 |    50 ||   341
Block: Buckler           |       |       |    72 |     9 ||    81
       Kite shield       |       |       |       |    35 ||    35

Table legend:
 A = Non-vault XP
 B = Vault XP
 C = Vault XP percentage of total XP
 D = Non-vault monster count
 E = Vault monster count
 F = Vault count percentage of total count
                 A         B        C        D         E       F
            +---------+---------+-------+---------+---------+-------
      Total |    4916 |    2552 |  34.2 |     167 |      42 |  20.1
            +---------+---------+-------+---------+---------+-------
        D:1 |      54 |       0 |   0.0 |      24 |       0 |   0.0
        D:2 |     119 |       4 |   3.3 |      25 |       1 |   3.8
        D:3 |     170 |      37 |  17.9 |      22 |       1 |   4.3
        D:4 |     135 |      93 |  40.8 |      24 |       2 |   7.7
        D:5 |     564 |     256 |  31.2 |      15 |       2 |  11.8
        D:6 |     936 |     264 |  22.0 |      19 |       3 |  13.6
        D:7 |     665 |     493 |  42.6 |      10 |       1 |   9.1
        D:8 |     611 |    1146 |  65.2 |      15 |      31 |  67.4
        D:9 |    1662 |     259 |  13.5 |      13 |       1 |   7.1
            +---------+---------+-------+---------+---------+-------
